 Dungeon Crawl Stone Soup version 0.28.0-53-g5a82cb258f (webtiles) character file.

Game seed: 4506235185903151172

210 MilanorTSW the Sneak (level 5, -3/28 HPs)
             Began as a Vampire Enchanter on June 15, 2022.
             Was an Initiate of Sif Muna.
             Slain by an orc
             ... wielding a +0 war axe
              (9 damage)
             ... on level 4 of the Dungeon.
             The game lasted 00:15:56 (3368 turns).

MilanorTSW the Sneak (Vampire Enchanter)            Turns: 3368, Time: 00:15:57

Health: -3/28      AC:  3    Str:  9    XL:     5   Next: 56%
Magic:  2/9        EV: 12    Int: 18    God:    Sif Muna [......]
Gold:   1112       SH:  0    Dex: 10    Spells: 1/9 levels left

rFire   . . .      SeeInvis +   q - +6 quick blade
rCold   + + .      Faith    +   (no shield)
rNeg    + + +      Spirit   .   b - +0 robe
rPois   ∞          Reflect  .   i - +1 hat
rElec   .          Harm     .   (no cloak)
rCorr   .          Rampage  .   (no gloves)
Will    .....                   (no boots)
Stlth   +++++.....              e - amulet "Pewe" {Faith rPois rN+ Dex-4}
HPRegen 0.00/turn               g - ring of positive energy
MPRegen 0.11/turn               (no ring)

@: confusing by touch, bloodless, inhibited regen
A: bloodless, fangs 3, see invisible, vampiric 2
a: Bat Form, Revivify, Renounce Religion


You were on level 4 of the Dungeon.
You worshipped Sif Muna.
Sif Muna was noncommittal.
You visited 1 branch of the dungeon, and saw 4 of its levels.

You collected 1491 gold pieces.
You spent 379 gold pieces at shops.

Inventory:

Hand Weapons
 a - a +1 dagger
 q - a +6 quick blade (weapon)
Missiles
 m - 15 poisoned darts
Armour
 b - a +0 robe (worn)
 i - a +1 hat (worn)
Jewellery
 e - the amulet "Pewe" (around neck) {Faith rPois rN+ Dex-4}
   (You acquired it on level 3 of the Dungeon)

   [amulet of faith]

   It allows you to gain divine favour quickly.
   Dex:       It affects your dexterity (-4).
   rPois:     It protects you from poison.
   rN:        It protects you from negative energy.
 g - a ring of positive energy (left hand)
Scrolls
 d - 2 scrolls of enchant weapon
 f - a scroll of teleportation {unknown}
 k - a scroll of torment {unknown}
 o - a scroll of vulnerability {unknown}
Potions
 c - a potion of invisibility
 h - a potion of mutation
 j - a potion of brilliance
 l - a potion of resistance
 n - a potion of flight {unknown}
 p - 3 potions of heal wounds
 r - a potion of might {unknown}
 s - a potion of ambrosia {unknown}
 u - 2 potions of haste


   Skills:
 + Level 2.8 Short Blades
 + Level 3.4 Dodging
 + Level 5.9 Stealth
 + Level 2.9 Spellcasting
 + Level 5.7 Hexes


You had one spell level left.
You knew the following spells:

 Your Spells              Type           Power      Damage    Failure   Level
a - Ensorcelled Hibernat  Hex/Ice        24%        N/A       8%          2
b - Confusing Touch       Hex            23%        N/A       4%          3
c - Tukima's Dance        Hex            23%        N/A       4%          3

Your spell library contained the following spells:

 Spells                   Type           Power      Damage    Failure   Level
 Magic Dart               Conj           8%         1d3       17%         1
 Dazzling Flash           Conj/Hex       24%        N/A       16%         3
 Portal Projectile        Hex/Tloc       24%        N/A       16%         3
 Call Imp                 Summ           2%         N/A       26%         2
 Call Canine Familiar     Summ           2%         N/A       45%         3
 Mephitic Cloud           Conj/Pois/Air  2%         N/A       45%         3
 Leda's Liquefaction      Hex/Erth       6%         N/A       45%         4


Dungeon Overview and Level Annotations

Branches:
Dungeon (4/15)             Temple (0/1) D:4

Altars:
Ashenzari
Ru
Sif Muna
Uskayaw

Shops:
D:3 !   D:4 !


Innate Abilities, Weirdness & Mutations

You do not regenerate when monsters are visible.
You are frail without blood (-20% HP).
You can heal yourself when you bite living creatures.
You are immune to poison.
You have razor-sharp teeth.
You have supernaturally acute eyesight. (SInv)
You are afflicted with vampirism and can become a bat while bloodless.


Message History

You hit the orc priest but do no damage.
The orc priest is lightly wounded.
You hit the orc priest but do no damage.
The orc priest is lightly wounded.
The orc priest hits the orc with a +0 hand axe!
The orc priest barely misses the orc.
There is a stone staircase leading up here.
You climb upwards.
There is a stone staircase leading down here.
You start resting.
Magic restored.
You start resting.
HP restored.
There is a stone staircase leading down here.
This spell is quite dangerous to cast!
Memorise Tukima's Dance, consuming 3 spell levels and leaving 1?
You start memorising the spell.
You continue memorising. x3
You finish memorising.
Spell assigned to 'c'.
You climb downwards.
There is a stone staircase leading up here.
The orc priest resists with some effort.
The orc priest resists with some effort.
Casting: Ensorcelled Hibernation (safe; 8% risk of failure)
Confirm with . or Enter, or press ? or * to list all spells.
The spell is quite dangerous to miscast (4% risk of failure)!
Continue anyway?
Your hands begin to glow red.
The orc priest looks satisfied for a moment.
The orc throws a boomerang.
The boomerang hits you. The orc priest closely misses you.
You hit the orc priest but do no damage.
The orc priest barely misses you.
You hit the orc priest but do no damage.
You hit the orc priest but do no damage.
The orc priest hits you but does no damage.
The orc hits you with a +0 war axe!
You hit the orc priest but do no damage.
The orc priest barely misses you. The orc hits you with a +0 war axe!
* * * LOW HITPOINT WARNING * * *
The orc hits you with a +0 war axe!
You die...

..........#########....§.........
....!.....# ..≈≈≈≈≈≈≈≈ ....
≈≈≈≈.≈≈≈≈.## ..§....§§. ....
≈≈≈≈.≈≈≈≈..# ##.§≈..≈≈≈≈ #..
≈≈≈≈.≈≈≈≈..# #...§.≈... #.
≈≈≈≈.w≈≈≈.>######.#.≈.≈._.≈..§##.
.....≈≈≈≈.wo.o....#§§.≈...≈.≈....
o≈≈.......#######o§.§.≈≈≈≈≈.≈...#
≈≈≈.≈≈≈≈≈.## #.@o..§§.§..§§≈...#
≈≈≈.≈≈≈≈≈..####.....≈§≈≈≈§§≈§...#
≈≈≈.o≈≈≈≈.....#..................
≈≈≈.≈≈≈≈≈.....#....#...##........
..o.....................#........
####..........#########..........
############ ###........
#........ #......>.


You could see an orc priest and an orc.

Vanquished Creatures
  An ogre (D:3)
  An iguana (D:3)
  A hound skeleton (D:4)
  2 adders
  An adder skeleton (D:4)
  2 worms
  A dart slug (D:1)
  7 endoplasms
  2 giant cockroaches (D:1)
  4 goblins
  5 hobgoblins
  3 jackals (D:1)
  9 kobolds
  3 quokkas
  4 ball pythons
  4 bats
  2 frilled lizards (D:1)
  6 rats
58 creatures vanquished.

Notes
Turn   | Place    | Note
-------+----------+-------------------------------------------
     0 | D:1      | MilanorTSW the Vampire Enchanter began the quest for the
                  | Orb.
     0 | D:1      | Reached XP level 1. HP: 13/13 MP: 3/3
   368 | D:1      | Reached XP level 2. HP: 13/13 MP: 5/5
   371 | D:1      | Learned a level 2 spell: Ensorcelled Hibernation
   638 | D:1      | Found a faded altar of an unknown god.
   824 | D:1      | Gained mutation: You are afflicted with vampirism and can
                  | become a bat while bloodless. [Vampire growth]
   824 | D:1      | Reached XP level 3. HP: 19/19 MP: 1/6
  1103 | D:1      | Reached skill level 5 in Stealth
  1404 | D:2      | Learned a level 3 spell: Confusing Touch
  1409 | D:2      | Found a shimmering blue altar of Sif Muna.
  1784 | D:2      | Became a worshipper of Sif Muna the Loreminder
  1795 | D:3      | Noticed an ogre
  1855 | D:3      | Killed an ogre
  1856 | D:3      | Reached skill level 5 in Hexes
  1856 | D:3      | Reached XP level 4. HP: 24/24 MP: 4/8
  2027 | D:3      | Found Isoa's Distillery.
  2030 | D:3      | Bought a potion of heal wounds for 60 gold pieces
  2030 | D:3      | Identified 3 scrolls of acquirement
  2030 | D:3      | Acquired a +5 quick blade
  2038 | D:3      | Acquired the amulet "Pewe" {Faith rPois rN+ Dex-4}
  2045 | D:3      | Acquired 1136 gold pieces
  2056 | D:3      | Found a hide-covered altar of Uskayaw.
  2328 | D:3      | Reached XP level 5. HP: 21/21 MP: 6/9
  2880 | D:4      | Found a staircase to the Ecumenical Temple.
  2918 | D:4      | Found a sacrificial altar of Ru.
  3129 | D:4      | Found Xiniygh's Distillery.
  3194 | D:4      | Bought 2 potions of haste for 220 gold pieces
  3194 | D:4      | Bought a potion of heal wounds for 55 gold pieces
  3198 | D:4      | Bought a potion of brilliance for 44 gold pieces
  3218 | D:4      | Found a broken altar of Ashenzari.
  3358 | D:3      | Learned a level 3 spell: Tukima's Dance
  3368 | D:4      | Slain by an orc

Illustrated notes

Levels and vault maps discovered:
D:1:      matt_arrival_refuge, layout_loops_cross,
          shapermc_ecumenical_altar_totnotflames, hangedman_decor_diamond_cutter
D:2:      layout_rooms, basic_altar, serial_forest,
          infiniplex_forest_straight_5, infiniplex_forest_lined_2,
          infiniplex_forest_end_1, infiniplex_forest_end_3,
          infiniplex_forest_lined_room_2, infiniplex_forest_pool,
          infiniplex_forest_straight_4, infiniplex_forest_diagonal
D:3:      layout_basic, nicolae_uskayaw_murder_on_the_dancefloor, serial_shops,
          nicolae_shop_behind_doors
D:4:      layout_rooms, zin_treasury, mainiacjoe_overflow_concentric_impassable,
          nicolae_ru_awakened_eye, mainiacjoe_overflow_alcove_4, temple_pool_b,
          serial_shops, shop_coins, minivault_14,
          minmay_fractal_squares_diagonal_5

Skill      XL: |  1  2  3 |
---------------+----------+-----
Stealth        | 5 |  5.9
Short Blades   | 2 |  2.8
Dodging        | 3 |  3.4
Hexes          | 5 |  5.7
Spellcasting   | |  2.9

Action                   |  1- 3 |  4- 6 || total
-------------------------+-------+-------++-------
Melee: Dagger            |    89 |     2 ||    91
       Bite              |     4 |     3 ||     7
       Punch             |     1 |       ||     1
       Quick blade       |       |    34 ||    34
 Cast: Ensorcelled Hiber |    24 |    19 ||    43
       Confusing Touch   |       |     4 ||     4
 Abil: Exsanguinate      |     2 |     1 ||     3
       Revivify          |     2 |       ||     2
  Use: Scroll            |       |     7 ||     7
 Stab: Sleeping          |    28 |    19 ||    47
Armor: Robe              |    17 |     4 ||    21
Dodge: Dodged            |    47 |    13 ||    60
